 Dungeon Crawl Stone Soup version 0.29-a0-732-g3d7fbe0af2 (webtiles) character file.

Game seed: 8758955210066194523

348771 frimble the Warrior (level 21, -9/193 (194) HPs)
             Began as a Minotaur Hunter on June 29, 2022.
             Was an Elder of Okawaru.
             Killed from afar by a quicksilver dragon (24 damage)
             ... with a bolt of dispelling energy
             ... in the Arena.
             The game lasted 01:23:02 (46870 turns).

frimble the Warrior (Minotaur Hunter)              Turns: 46870, Time: 01:23:03

HP:   -9/193 (194)  AC: 32    Str: 34    XL:     21   Next: 54%
MP:   21/29         EV: 18    Int: 12    God:    Okawaru [****..]
Gold: 6879          SH: 17    Dex: 19    Spells: 24/31 levels left

rFire   . . .      SeeInvis +   a - +5 scimitar (flame)
rCold   + + +      Faith    .   W - +0 kite shield
rNeg    . . .      Spirit   .   u - +6 chain mail of Happiness {rElec rPois Str+8 Dex-2}
rPois   +          Reflect  .   Z - +0 hat of Xoonobeobu {Dex+2}
rElec   +          Harm     .   S - +2 cloak {rC+}
rCorr   +          Rampage  .   w - +2 pair of gloves "Muher Oho" {rC++ Str+5}
Will    +++..                   R - +0 pair of boots of Least Resistance {Drain rCorr Str+5 Slay+5}
Stlth   ++........              s - amulet of regeneration
HPRegen 1.22/turn               d - ring of Axer {rC+ Will++ rCorr SInv}
MPRegen 0.21/turn               G - +4 ring of protection

@: heroic, studying Hexes, lightly drained, duelling
A: horns 2, retaliatory headbutt
}: 1/15 runes: gossamer
a: Renounce Religion, Heroism, Finesse


You were in the Arena.
You worshipped Okawaru.
Okawaru was greatly pleased with you.
You visited 7 branches of the dungeon, and saw 36 of its levels.
You also visited: Trove, Bailey, Gauntlet, Ice Cave and Wizlab.

You collected 8592 gold pieces.
You spent 1713 gold pieces at shops.

Inventory:

Hand Weapons
 a - a +5 scimitar of flaming (weapon)
 q - a +9 quick blade of chaos
Missiles
 v - a throwing net
 E - 34 silver javelins (quivered)
 J - 9 curare-tipped darts
 U - 29 javelins
Armour
 u - the +6 chain mail of Happiness (worn) {rElec rPois Str+8 Dex-2}
   (You found it on level 14 of the Dungeon)

   Str:       It affects your strength (+8).
   Dex:       It affects your dexterity (-2).
   rElec:     It insulates you from electricity.
   rPois:     It protects you from poison.
 w - the +2 pair of gloves "Muher Oho" (worn) {rC++ Str+5}
   (You found it in a Gauntlet)

   Str:       It affects your strength (+5).
   rC:        It greatly protects you from cold.
 y - the +1 pair of gloves of the Frog {rF+}
   (Okawaru gifted it to you on level 3 of the Elven Halls)

   rF:        It protects you from fire.
 z - a +4 troll leather armour
 R - the +0 pair of boots of Least Resistance (worn) {Drain rCorr Str+5 Slay+5}
   (You found it on level 14 of the Dungeon)

   Str:       It affects your strength (+5).
   Slay:      It affects your accuracy & damage with ranged weapons and melee
   (+5).
   rCorr:     It protects you from acid and corrosion.
   Drain:     It drains your maximum health when unequipped.
 S - a +2 cloak of cold resistance (worn)
 V - the +6 plate armour "Fooxkosa" {+Blink Regen+}
   (You found it in a wizard's laboratory)

   +Blink:    It lets you blink.
   Regen:     It increases your rate of health regeneration.
 W - a +0 kite shield (worn)
 Z - the +0 hat of Xoonobeobu (worn) {Dex+2}
   (You found it on level 4 of the Lair of Beasts)

   Dex:       It affects your dexterity (+2).
Jewellery
 d - the ring of Axer (left hand) {rC+ Will++ rCorr SInv}
   (You acquired it on level 1 of the Dungeon)

   [ring of resist corrosion]

   rC:        It protects you from cold.
   SInv:      It lets you see invisible.
   rCorr:     It protects you from acid and corrosion.
   Will:      It greatly increases your willpower.
 s - an amulet of regeneration (around neck)
 x - a ring of positive energy
 B - a +6 ring of intelligence
 G - a +4 ring of protection (right hand)
Wands
 r - a wand of iceblast (35)
 D - a wand of light (27)
 F - a wand of mindburst (15)
 M - a wand of digging (11)
Scrolls
 b - 2 scrolls of enchant armour
 g - 19 scrolls of teleportation
 h - 8 scrolls of fear
 l - 12 scrolls of magic mapping
 m - 7 scrolls of immolation
 A - 6 scrolls of amnesia
 H - 2 scrolls of enchant weapon
 K - 2 scrolls of blinking
 L - 5 scrolls of fog
 T - a scroll of silence
Potions
 c - 5 potions of mutation
 e - 8 potions of curing
 f - 4 potions of brilliance
 i - 9 potions of heal wounds
 j - 3 potions of ambrosia
 k - 4 potions of might
 o - 4 potions of magic
 p - 5 potions of attraction
 C - 4 potions of cancellation
 I - 2 potions of flight
 N - a potion of invisibility
 P - 4 potions of lignification
 Y - 2 potions of resistance
Miscellaneous
 Q - a tin of tremorstones (1/2)
 X - a condenser vane


   Skills:
 + Level 18.1(23.1) Fighting
 - Level 10.0(19.0) Short Blades
 - Level 16.7(23.0) Long Blades
 - Level 4.7(9.7) Ranged Weapons
 + Level 14.3(19.3) Throwing
 + Level 10.8(15.8) Armour
 - Level 10.0(15.0) Dodging
 - Level 5.0(10.0) Stealth
 + Level 17.6(22.6) Shields
 + Level 5.7 Spellcasting
 - Level 7.2 Translocations
 + Level 6.9 Transmutations
 + Level 6.8 Earth Magic
 - Level 13.0 Invocations
 - Level 10.3 Evocations


You had 24 spell levels left.
You knew the following spells:

 Your Spells              Type           Power      Damage    Failure   Level
a - Apportation           Tloc           40%        N/A       3%          1
b - Statue Form           Tmut/Erth      12%        N/A       99%         6

Your spell library contained the following spells:

 Spells                   Type           Power      Damage    Failure   Level
 Sandblast                Erth           38%        2d10      3%          1
 Gell's Gravitas          Tloc           20%        N/A       10%         3
 Teleport Other           Tloc           20%        N/A       10%         3
 Sting                    Tmut/Pois      44%        1d5       16%         1
 Spider Form              Tmut/Pois      11%        N/A       41%         3
 Stone Arrow              Conj/Erth      22%        3d8       41%         3
 Magic Dart               Conj           12%        1d3       52%         1
 Necrotize                Necr           12%        1d4       52%         1
 Ignite Poison            Fire/Tmut/Pois 8%         N/A       58%         3
 Ensorcelled Hibernation  Hex/Ice        6%         N/A       67%         2
 Poisonous Vapours        Pois/Air       6%         N/A       67%         2
 Scorch                   Fire           6%         2d5       67%         2
 Searing Ray              Conj           6%         2d4       67%         2
 Lee's Rapid Deconstruct  Erth           9%         3d8*      71%         5
 Iskenderun's Mystic Bla  Conj/Tloc      12%        2d5       80%         4
 Ice Form                 Ice/Tmut       11%        N/A       83%         4
 Conjure Flame            Conj/Fire      3%         6-21      88%         3
 Dazzling Flash           Conj/Hex       6%         N/A       88%         3
 Mephitic Cloud           Conj/Pois/Air  3%         N/A       88%         3
 Anguish                  Hex/Necr       1%         N/A       99%         4
 Corpse Rot               Necr/Pois/Air  3%         N/A       99%         4
 Dispel Undead            Necr           3%         3d7       99%         4
 Flame Wave               Conj/Fire      3%         2d4       99%         4
 Fulminant Prism          Conj/Hex       1%         3d6       99%         4
 Hailstorm                Conj/Ice       3%         3d3       99%         4
 Olgreb's Toxic Radiance  Pois           3%         N/A       99%         4
 Sticky Flame             Conj/Fire      3%         2d3       99%         4
 Dispersal                Tloc           10%        N/A       99%         6
 Freezing Cloud           Conj/Ice/Air   1%         6-21      100%        5
 Metabolic Englaciation   Hex/Ice        1%         N/A       100%        5
 Silence                  Hex/Air        1%         N/A       100%        5
 Starburst                Conj/Fire      1%         6d3       100%        6
 Enfeeble                 Hex            1%         N/A       100%        7
 Ozocubu's Refrigeration  Ice            1%         4d5       100%        7
 Ignition                 Fire           1%         3d3       100%        8
 Lehudib's Crystal Spear  Conj/Erth      5%         10d3      100%        8
 Summon Small Mammal      Summ           Unusable   N/A       N/A         1
 Call Imp                 Summ           Unusable   N/A       N/A         2
 Animate Armour           Summ/Erth      Unusable   N/A       N/A         4
 Summon Mana Viper        Hex/Summ       Unusable   N/A       N/A         5
 Death Channel            Necr           Unusable   N/A       N/A         6
 Simulacrum               Ice/Necr       Unusable   N/A       N/A         6
 Summon Cactus Giant      Summ           Unusable   N/A       N/A         6

Dungeon Overview and Level Annotations

Branches:
Dungeon (15/15)            Temple (1/1) D:5            Lair (6/6) D:10
  Swamp (0/4) Lair:3       Spider (4/4) Lair:3        Slime (0/5) Lair:5
    Orc (2/2) D:10            Elf (3/3) Orc:2        Vaults (5/5) D:13
  Crypt (0/3) Vaults:2     Depths (0/4) D:15         Bailey (visited)
  IceCv (visited)          WizLab (visited)         Gauntlet (visited)

Altars:
Ashenzari
Cheibriados
Dithmenos
Elyvilon
Fedhas
Gozag
Hepliaklqana
Kikubaaqudgha
Makhleb
Nemelex Xobeh
Okawaru
Qazlal
Ru
Sif Muna
Trog
Uskayaw
Vehumet
Wu Jian
Xom
Yredelemnul
Zin
The Shining One
Beogh
Jiyva
Lugonu

Shops:
D:3 ?*   D:9 [=(((   Orc:1 ?   Orc:2 :[=:   Elf:2 *   Elf:3 :   Vaults:3 *
Vaults:4 (

Portals:
Abyss: Lair:6

Annotations:
Elf:1 3 runed translucent doors
Vaults:2 3 runed translucent doors, Jeirass's ghost, legendary FoFi


Innate Abilities, Weirdness & Mutations

You have a pair of horns on your head.
You reflexively headbutt those who attack you in melee.


Message History

The phantasmal warrior blinks!
The tengu reaver hits you from afar with a +2 glaive of venom!!
* * * LOW HITPOINT WARNING * * *
You are lethally poisoned!
You hear a deafening roar!
You hear a shout!
You feel better.
You hear a shout!
The quicksilver dragon misses you. You furiously retaliate!
You headbutt the quicksilver dragon! The quicksilver dragon claws you!
* * * LOW HITPOINT WARNING * * *
You block the quicksilver dragon's attack.
The quicksilver dragon claws you but does no damage.
You block the tengu reaver's attack.
Aiming: Duel (4% risk of failure)
Press: ? - help, Dir - move target, f - phantasmal warrior
Aim: a phantasmal warrior (lightly damaged)
The phantasmal warrior is not worthy to be dueled!
Okay, then.
Aiming: Duel (4% risk of failure)
Press: ? - help, Dir - move target, f - quicksilver dragon, p - phantasmal warrior
Aim: a quicksilver dragon (almost dead, catching its breath)
You enter into single combat with the quicksilver dragon!
The world spins around you as you enter the gateway.
You enter Okawaru's Arena!
You can no longer enter into single combat with a foe.
Okawaru will no longer gift you equipment.
The spectator shouts! x7
The quicksilver dragon bites you.
* * * LOW HITPOINT WARNING * * *
You block the quicksilver dragon's attack.
Found a gate leading back out of this place.
There is an empty arch of ancient stone here.
You miss the quicksilver dragon.
The spectator shouts! x2
Your headbutt misses the quicksilver dragon.
The quicksilver dragon is almost dead.
The quicksilver dragon breathes dispelling energy at you.
The bolt of dispelling energy hits you!!
You die...
Okawaru crowns the quicksilver dragon victorious!

###########
#.p.▓p▓.p.# ##
▓▓▓▓▓▓▓▓▓ ##
#.▓ ....... ▓.#
#p▓.#.....#.▓p#
#.▓.........▓.#
#▓▓.........▓▓#
#∩▓....@D...▓p#
#▓▓.........▓▓#
#.▓.........▓.#
#p▓.#.....#.▓p#
#.▓ ....... ▓.#
## ▓▓▓▓▓▓▓▓▓ ##
#.p.▓p▓.p.#
###########


You could see a quicksilver dragon (catching breath).

Vanquished Creatures
  A dread lich (Vaults:5)
  Boris (Vaults:4)
  Xtahua (Arena)
  Jory (Vaults:2)
  Arachne (Spider:3)
  An electric golem (WizLab)
  A tentacled monstrosity (Vaults:5)
  Mlioglotl (Spider:3)
  2 liches
  Rupert (Lair:4)
  2 deep elf blademasters (Elf:3)
  Frances (D:13)
  A deep elf master archer (Elf:3)
  5 sphinxes
  Kirke (Lair:4)
  2 tengu reavers
  The ghost of dolemite99 the Severer, an adept HOFi of Okawaru (Spider:2)
  The ghost of turdburglar the Warrior, a journeyman HOMo of Makhleb (Spider:3)
  The ghost of Bediveer the Spry, an adept KoHu of Qazlal (Spider:3)
  Roxanne (D:15)
  The ghost of zhov the Imperceptible, an adept SpHu of Gozag (Spider:3)
  A storm dragon (Elf:1)
  5 orc warlords
  3 fire giants (WizLab)
  A frost giant (Vaults:1)
  Aizul (Spider:3)
  4 emperor scorpions
  9 vault wardens
  3 deep elf elementalists
  7 deep elf sorcerers
  10 ghost moths
  A ghoul (Vaults:2)
  A reaper (Gauntlet)
  16 ironbound preservers
  A stone giant (Vaults:4)
  A very ugly thing (Vaults:1)
  5 war gargoyles
  10 ironbound thunderhulks
  Azrael (D:15)
  5 deep elf demonologists
  A minotaur (Gauntlet)
  A spark wasp (Arena)
  16 dire elephants
  9 deep elf annihilators
  4 entropy weavers
  4 ettins
  4 deep elf high priests
  7 crystal guardians
  6 deep elf death magi
  14 vault guards
  13 yaktaur captains
  4 great orbs of eyes
  An ice dragon (Elf:1)
  14 peacekeepers
  14 hydras
  2 salamander tyrants (WizLab)
  7 jorogumos
  10 ironbound frosthearts
  An ogre mage (Vaults:5)
  9 centaur warriors
  A hydra (shapeshifter) (Lair:6)
  13 boulder beetles
  2 death knights (Vaults:2)
  32 dancing weapons
  5 two-headed ogres
  8 death yaks
  Urug (Lair:1)
  3 thrashing horrors (Lair:6)
  5 orc high priests
  Sonja (D:10)
  12 deep elf knights
  2 pharaoh ants
  A sun moth (Spider:4)
  2 shadow wraiths
  6 steelbarb worms
  31 deep trolls
  6 deep elf archers
  11 orb spiders
  A swamp dragon (Lair:3)
  9 lindwurms
  10 wizards
  13 orc knights
  4 phantasmal warriors
  22 deep elf pyromancers
  10 wolf spiders
  17 ironbound convokers
  5 oklob plants (Lair:5)
  A wolf spider zombie (D:15)
  23 deep elf zephyrmancers
  4 necromancers
  5 cyclopes
  24 ugly things
  A manticore (shapeshifter) (Lair:6)
  12 orc sorcerers
  A salamander (shapeshifter) (Vaults:1)
  A sphinx skeleton (Vaults:2)
  A manticore (Lair:4)
  8 black mambas
  2 salamanders (WizLab)
  Maurice (Orc:1)
  2 smoke demons (Lair:6)
  2 moths of wrath
  A centaur zombie (D:15)
  An apocalypse crab (Gauntlet)
  7 elephants
  15 vault sentinels
  A naga mage (D:15)
  4 molten gargoyles (WizLab)
  11 torpor snails
  7 gargoyles
  An ice statue (IceCv)
  2 centaur skeletons (D:15)
  An unseen horror (D:12)
  15 cane toads
  33 yaktaurs
  An efreet (D:14)
  5 rime drakes
  7 demonic crawlers
  A freezing wraith (D:14)
  7 komodo dragons
  A hellwing (Gauntlet)
  4 ancient zymes (Lair:6)
  10 trolls
  6 meliai
  15 polar bears
  A hornet (D:9)
  A wind drake (shapeshifter) (Lair:6)
  A tarantella (shapeshifter) (D:14)
  16 tarantellas
  28 blink frogs
  A raiju (shapeshifter) (D:13)
  Grinder (D:6)
  A raiju (Gauntlet)
  A human skeleton (Vaults:2)
  A large abomination (Lair:6)
  7 slime creatures
  A ynoxinul (Lair:6)
  25 jumping spiders
  12 culicivoras
  2 shadows
  3 vampires
  A culicivora (shapeshifter) (Elf:1)
  A spriggan (Lair:6)
  4 air elementals
  6 wyverns
  2 wraiths
  A water elemental (Elf:2)
  93 yaks
  10 basilisks
  4 fire elementals
  2 hogs (Lair:4)
  A chaos spawn (Lair:6)
  4 humans (Lair:4)
  A steam dragon (Gauntlet)
  A redback (shapeshifter) (Vaults:4)
  57 redbacks
  Menkaure (D:5)
  A naga (shapeshifter) (Elf:3)
  4 vampire mosquitoes
  4 wargs (Orc:2)
  3 hell hounds (D:14)
  11 water moccasins
  Duvessa (D:5)
  50 orc warriors
  A black bear (D:10)
  2 human zombies (Vaults:2)
  2 sky beasts (D:7)
  14 ogres
  12 centaurs
  25 wolves
  3 phantoms
  2 kobold brigands
  13 bullfrogs
  2 gnoll sergeants
  11 small abominations (Lair:6)
  A necrophage (D:6)
  6 earth elementals
  A scorpion (D:7)
  4 wights (D:6)
  Dowan (D:5)
  13 killer bees
  6 howler monkeys
  3 electric eels (Lair:6)
  3 vampire bats (Lair:6)
  2 hounds
  3 jellies
  37 orc priests
  2 gnoll shamans
  4 iguanas
  28 orc wizards
  2 lightning spires (WizLab)
  23 gnolls
  6 adders
  A shadow imp (Gauntlet)
  13 white imps
  An ufetubus (D:7)
  3 worms
  A dart slug (D:1)
  135 orcs
  7 bats
  3 endoplasms
  3 giant cockroaches
  9 goblins
  11 hobgoblins
  2 jackals (D:3)
  15 kobolds
  3 quokkas
  4 ball pythons
  5 frilled lizards
  A goblin zombie (D:4)
  A quokka zombie (D:4)
  A rat (D:2)
1547 creatures vanquished.

Vanquished Creatures (others)
  2 deep elf knights
  A wizard (Vaults:2)
  A tarantella (Spider:1)
  A blink frog (Lair:6)
  An iguana (Lair:3)
  3 orcs (Elf:1)
  35 fungi
  50 plants
  3 toadstools (D:10)
  17 withered plants
114 creatures vanquished.

Grand Total: 1661 creatures vanquished

Notes
Turn   | Place    | Note
-------+----------+-------------------------------------------
     0 | D:1      | frimble the Minotaur Hunter began the quest for the Orb.
     0 | D:1      | Reached XP level 1. HP: 18/18 MP: 0/0
   156 | D:1      | Reached skill level 1 in Stealth
   204 | D:1      | Identified a scroll of acquirement
   204 | D:1      | Acquired the ring of Axer {rC+ Will++ rCorr SInv}
   208 | D:1      | Reached XP level 2. HP: 25/25 MP: 1/1
   519 | D:1      | Found a faded altar of an unknown god.
   912 | D:2      | Reached skill level 3 in Fighting
   912 | D:2      | Reached XP level 3. HP: 31/31 MP: 2/2
   921 | D:2      | Identified the +8 dagger "Ewneisesmo" {holy, rCorr MP+9}
  1362 | D:2      | Learned a level 1 spell: Apportation
  1531 | D:2      | Identified the +5 mace of Drought {distort, rF+ Str+4}
  1570 | D:2      | Reached skill level 1 in Short Blades
  1581 | D:2      | Reached XP level 4. HP: 38/38 MP: 3/3
  1965 | D:3      | Found Gepou's Magic Scroll Shoppe.
  1971 | D:3      | Bought a scroll of teleportation for 42 gold pieces
  1971 | D:3      | Bought a scroll of identify for 28 gold pieces
  2178 | D:3      | Found Zin's Purification Station.
  2181 | D:3      | Found a glowing silver altar of Zin.
  2587 | D:4      | Noticed a phantom
  2600 | D:4      | Killed a phantom
  2601 | D:4      | Reached skill level 1 in Throwing
  2601 | D:4      | Reached XP level 5. HP: 25/46 MP: 4/4
  2892 | D:4      | Reached skill level 4 in Fighting
  3124 | D:4      | Reached XP level 6. HP: 52/52 MP: 5/5
  3132 | D:4      | Found a snail-covered altar of Cheibriados.
  3560 | D:4      | Reached skill level 1 in Shields
  3925 | D:4      | Found Zetesying's Jewellery Boutique.
  4146 | D:5      | Entered Level 5 of the Dungeon
  4149 | D:5      | Found a staircase to the Ecumenical Temple.
  4163 | Temple   | Entered the Ecumenical Temple
  4168 | Temple   | Became a worshipper of Warmaster Okawaru
  4256 | D:5      | You fall into a shaft and drop 3 floors!
  4341 | D:8      | Acquired 792 gold pieces
  4489 | D:8      | Reached XP level 7. HP: 60/60 MP: 6/6
  4686 | D:8      | Reached skill level 5 in Fighting
  4696 | D:8      | Found a flagged portal.
  4703 | Bailey   | Entered a bailey
  5068 | Bailey   | Found a large runed translucent door.
  5068 | Bailey   | Found a large runed translucent door.
  5069 | Bailey   | Noticed a deep elf pyromancer
  5069 | Bailey   | Noticed an orc knight
  5074 | Bailey   | Killed an orc knight
  5074 | Bailey   | Reached * piety under Okawaru
  5074 | Bailey   | Reached ** piety under Okawaru
  5075 | Bailey   | Reached skill level 6 in Fighting
  5075 | Bailey   | Reached XP level 8. HP: 70/70 MP: 8/8
  5110 | Bailey   | Reached skill level 5 in Short Blades
  5394 | Bailey   | Killed a deep elf pyromancer
  5395 | Bailey   | Reached skill level 7 in Fighting
  5395 | Bailey   | Reached skill level 5 in Shields
  5598 | Bailey   | Acquired 1131 gold pieces
  5934 | D:8      | Noticed a centaur warrior
  5954 | D:8      | Killed a centaur warrior
  5954 | D:8      | Reached *** piety under Okawaru
  5955 | D:8      | Reached XP level 9. HP: 45/79 MP: 4/11
  6364 | D:8      | Found an ancient bone altar of Kikubaaqudgha.
  6802 | D:7      | Reached skill level 8 in Fighting
  6953 | D:7      | Reached skill level 1 in Armour
  7267 | D:6      | Reached skill level 5 in Invocations
  7927 | D:5      | Got Vopa's Tome of Toxic Ice
  8003 | D:5      | Noticed Menkaure
  8008 | D:5      | Killed Menkaure
  8008 | D:5      | Reached **** piety under Okawaru
  8009 | D:5      | Reached XP level 10. HP: 90/90 MP: 12/12
  8069 | D:5      | Noticed Duvessa
  8070 | D:5      | Noticed Dowan
  8082 | D:5      | Killed Duvessa
  8086 | D:5      | Killed Dowan
  8912 | D:6      | Noticed Grinder
  8917 | D:6      | Killed Grinder
  9619 | D:7      | Reached skill level 5 in Dodging
  9901 | D:9      | Identified the +8 dagger "Diwkodec" {vorpal, Fragile Will++
                  | Str+4}
 10100 | D:9      | Reached skill level 1 in Evocations
 10327 | D:9      | Found Ommik's Armour Shoppe.
 10332 | D:9      | Found Mousaigu's Jewellery Shop.
 10377 | D:9      | Noticed a two-headed ogre
 10402 | D:9      | Killed a two-headed ogre
 10403 | D:9      | Reached skill level 9 in Fighting
 10548 | D:9      | Reached ***** piety under Okawaru
 11014 | D:9      | Reached XP level 11. HP: 92/97 MP: 14/14
 11148 | D:9      | Found Gobboo's Weapon Shoppe.
 11176 | D:9      | Found Appabeep's Antique Weapon Emporium.
 11210 | D:9      | Found Tang's Weapon Emporium.
 11299 | D:9      | Reached skill level 5 in Throwing
 11919 | D:10     | Entered Level 10 of the Dungeon
 12011 | D:10     | Found a staircase to the Orcish Mines.
 12242 | D:10     | Noticed Sonja
 12250 | D:10     | Killed Sonja
 12379 | D:10     | Found a shadowy altar of Dithmenos.
 12379 | D:10     | Found a blossoming altar of Fedhas.
 12387 | D:10     | Found a faded altar of an unknown god.
 12389 | D:10     | Found a stormy altar of Qazlal.
 12392 | D:10     | Found an opulent altar of Gozag.
 12442 | D:10     | Found a staircase to the Lair.
 13063 | D:10     | Found a portal to a secret trove of treasure.
 13073 | Trove    | Entered a treasure trove
 13125 | Trove    | Reached skill level 10 in Long Blades
 13125 | Trove    | Reached XP level 12. HP: 105/105 MP: 15/15
 13241 | D:11     | Noticed a two-headed ogre
 13262 | D:11     | Killed a two-headed ogre
 13750 | D:11     | Noticed a two-headed ogre
 13781 | D:11     | Killed a two-headed ogre
 13856 | D:11     | Reached skill level 5 in Stealth
 14353 | D:12     | Noticed a two-headed ogre
 14368 | D:12     | Killed a two-headed ogre
 14369 | D:12     | Reached skill level 10 in Fighting
 14956 | D:12     | Noticed a boulder beetle
 14991 | D:12     | Killed a boulder beetle
 15346 | D:13     | Found a gate leading to a gauntlet.
 15353 | Gauntlet | Entered a Gauntlet
 15353 | Gauntlet | Found a transporter.
 15353 | Gauntlet | Found a transporter.
 15353 | Gauntlet | Found a transporter.
 15354 | Gauntlet | Found a transporter.
 15357 | Gauntlet | Found a transporter.
 15357 | Gauntlet | Found a transporter.
 15371 | Gauntlet | Found a transporter.
 15373 | Gauntlet | Found a transporter.
 15376 | Gauntlet | Noticed a reaper
 15381 | Gauntlet | Found a transporter.
 15385 | Gauntlet | Noticed a death yak
 15386 | Gauntlet | Found a transporter.
 15388 | Gauntlet | Noticed a death yak
 15388 | Gauntlet | Noticed a death yak
 15390 | Gauntlet | Noticed a death yak
 15391 | Gauntlet | Noticed a death yak
 15392 | Gauntlet | Noticed a death yak
 15405 | Gauntlet | Found a transporter.
 15409 | Gauntlet | Found a transporter.
 15409 | Gauntlet | Found the dreamshard necklace {*Dream Drain}
 15635 | Gauntlet | Identified the +2 pair of gloves "Muher Oho" {rC++ Str+5}
 15670 | Gauntlet | Killed a reaper
 15671 | Gauntlet | Reached XP level 13. HP: 60/114 MP: 17/17
 15769 | Gauntlet | Noticed a minotaur
 15779 | Gauntlet | Killed a minotaur
 15814 | D:13     | Found a frozen archway.
 15829 | IceCv    | Entered an ice cave
 16262 | IceCv    | Reached skill level 10 in Shields
 16375 | IceCv    | Reached skill level 11 in Fighting
 16440 | IceCv    | Reached skill level 5 in Evocations
 17070 | D:13     | Reached skill level 10 in Short Blades
 17146 | D:14     | Received a gift from Okawaru
 17233 | D:14     | Received a gift from Okawaru
 17234 | D:14     | Reached skill level 1 in Translocations
 17263 | D:14     | HP: 1/116 [cyan ugly thing (17)]
 17267 | D:14     | Reached XP level 14. HP: 21/124 MP: 18/19
 17617 | D:14     | Received a gift from Okawaru
 17698 | D:14     | Found a transporter.
 17699 | D:14     | Found a transporter.
 17809 | D:14     | Identified the +6 chain mail of Happiness {rElec rPois
                  | Str+8 Dex-2}
 18290 | D:14     | Got the +0 pair of boots of Least Resistance {Drain rCorr
                  | Str+5 Slay+5}
 18335 | D:15     | Entered Level 15 of the Dungeon
 18419 | D:15     | Noticed Azrael
 18567 | D:15     | Killed Azrael
 18632 | D:15     | Identified Roxanne's Compendium of Earth
 18632 | D:15     | Noticed Roxanne
 18701 | D:15     | Reached skill level 12 in Fighting
 18940 | D:15     | Received a gift from Okawaru
 19008 | D:15     | Found a staircase to the Depths.
 19277 | D:15     | Received a gift from Okawaru
 19921 | Orc:1    | Entered Level 1 of the Orcish Mines
 19921 | Orc:1    | Found Vybbuagemo's Magic Scroll Emporium.
 19938 | Orc:1    | Bought a scroll of acquirement for 780 gold pieces
 19938 | Orc:1    | Bought a scroll of magic mapping for 52 gold pieces
 19938 | Orc:1    | Bought a scroll of magic mapping for 52 gold pieces
 19938 | Orc:1    | Bought a scroll of magic mapping for 52 gold pieces
 20031 | Orc:2    | Entered Level 2 of the Orcish Mines
 21094 | Orc:1    | Noticed Maurice
 21102 | Orc:1    | Killed Maurice
 21608 | Orc:2    | Identified the +0 pair of boots "Tasazetimn" {rElec}
                  | (Okawaru gifted it to you on level 2 of the Orcish Mines)
 21608 | Orc:2    | Received a gift from Okawaru
 22051 | Orc:2    | Found Yzieff's Antique Armour Emporium.
 22113 | Orc:2    | Found Sokumnan's Book Shoppe.
 22472 | Orc:2    | Reached XP level 15. HP: 95/134 MP: 21/21
 22578 | Orc:2    | Noticed an orc warlord
 22609 | Orc:2    | Killed an orc warlord
 22904 | Orc:2    | Found Biexiugat's Jewellery Emporium.
 23009 | Orc:2    | Bought an amulet of regeneration for 390 gold pieces
 23052 | Orc:2    | Found Ywkagico's Book Shop.
 23262 | Orc:2    | Found a staircase to the Elven Halls.
 23512 | Lair:1   | Entered Level 1 of the Lair of Beasts
 23640 | Lair:1   | You fall into a shaft and drop 1 floor!
 23675 | Lair:2   | Reached skill level 10 in Invocations
 24203 | Lair:2   | Reached skill level 13 in Fighting
 24775 | Lair:1   | Received a gift from Okawaru
 24845 | Lair:1   | Noticed Urug
 24850 | Lair:1   | Killed Urug
 25369 | Lair:3   | Found a staircase to the Swamp.
 25712 | Lair:3   | Found a hole to the Spider Nest.
 25902 | Lair:4   | Acquired 770 gold pieces
 26176 | Lair:4   | Reached ****** piety under Okawaru
 26354 | Lair:4   | Received a gift from Okawaru
 26653 | Lair:4   | Noticed Rupert
 26656 | Lair:4   | Noticed Kirke
 26662 | Lair:4   | Noticed a sphinx
 26664 | Lair:4   | Killed Rupert
 26665 | Lair:4   | Killed Kirke
 26665 | Lair:4   | Received a gift from Okawaru
 26894 | Lair:4   | Received a gift from Okawaru
 27104 | Lair:4   | Reached skill level 10 in Throwing
 27248 | Lair:5   | Found a shimmering altar of Xom.
 27427 | Lair:5   | Found a viscous altar of Jiyva.
 27436 | Lair:5   | Reached XP level 16. HP: 145/145 MP: 12/23
 27489 | Lair:5   | Found a staircase to the Slime Pits.
 27582 | Lair:5   | Reached skill level 5 in Translocations
 27857 | Lair:5   | Identified the +8 flail "Ojouv" {spect, rElec rF+ rC+
                  | rCorr}
 28057 | Lair:6   | Entered Level 6 of the Lair of Beasts
 28119 | Lair:4   | Identified the +0 hat of Xoonobeobu {Dex+2}
 28284 | Lair:6   | Received a gift from Okawaru
 28574 | Lair:6   | Received a gift from Okawaru
 28875 | Lair:6   | Reached skill level 14 in Fighting
 29090 | Lair:6   | Found a corrupted altar of Lugonu.
 29090 | Lair:6   | Found a one-way gate to the infinite horrors of the Abyss.
 29638 | Elf:1    | Entered Level 1 of the Elven Halls
 29726 | Elf:1    | Received a gift from Okawaru
 29738 | Elf:1    | Found a magical portal.
 29747 | WizLab   | Entered Maxwell's Workshop
 30010 | WizLab   | Identified the ring of Spite {Ice Dex+4}
 30014 | WizLab   | Identified the ring of Autumn {Ice Contam Str+4 Dex+4}
 30219 | WizLab   | Received a gift from Okawaru
 30236 | Arena    | Entered the Arena
 30277 | WizLab   | Received a gift from Okawaru
 30279 | WizLab   | Reached XP level 17. HP: 79/154 MP: 22/24
 30512 | WizLab   | Noticed an electric golem
 30534 | WizLab   | Killed an electric golem
 30534 | WizLab   | Received a gift from Okawaru
 30580 | WizLab   | Identified the +6 plate armour "Fooxkosa" {+Blink Regen+}
 31013 | Elf:1    | Paralysed by an air elemental for 1 turns
 31025 | Elf:1    | Received a gift from Okawaru
 31114 | Elf:1    | Found a runed translucent gate.
 31114 | Elf:1    | Found a runed translucent gate.
 31114 | Elf:1    | Found a runed translucent gate.
 31114 | Elf:1    | Found a runed translucent gate.
 31114 | Elf:1    | Found a runed translucent gate.
 31119 | Elf:1    | Found a runed translucent gate.
 31717 | Elf:2    | Identified the +2 pair of boots "Raadenupn" {Will+ Regen+
                  | Str-5 Stlth+}
 31793 | Elf:2    | Paralysed by an air elemental for 1 turns
 31835 | Elf:2    | Found Hudel's Assorted Antiques.
 31843 | Elf:2    | Bought a glowing tourmaline ring for 160 gold pieces
 31851 | Elf:2    | Found a runed translucent gate.
 31851 | Elf:2    | Found a runed translucent gate.
 31851 | Elf:2    | Found a runed translucent gate.
 32010 | Elf:2    | Found a huge runed translucent gate.
 32010 | Elf:2    | Found a huge runed translucent gate.
 32010 | Elf:2    | Found a huge runed translucent gate.
 32010 | Elf:2    | Found a huge runed translucent gate.
 32011 | Elf:2    | Found a huge runed translucent gate.
 32103 | Elf:2    | Received a gift from Okawaru
 32254 | Elf:2    | Reached skill level 15 in Fighting
 32319 | Elf:2    | Reached skill level 15 in Long Blades
 32325 | Elf:2    | Received a gift from Okawaru
 32344 | Elf:2    | Received a gift from Okawaru
 32544 | Elf:2    | Received a gift from Okawaru
 32601 | Elf:2    | Reached skill level 10 in Evocations
 32770 | Elf:3    | Entered Level 3 of the Elven Halls
 32775 | Elf:3    | Identified the +1 pair of gloves of the Frog {rF+} (Okawaru
                  | gifted it to you on level 3 of the Elven Halls)
 32775 | Elf:3    | Received a gift from Okawaru
 32776 | Elf:3    | Found Dalean's Book Shop.
 33251 | Elf:3    | Reached XP level 18. HP: 155/163 MP: 26/26
 33550 | Elf:3    | Identified the +9 mace of the Evening {vorpal, rElec rCorr
                  | Str+3}
 33563 | Elf:3    | Identified the +7 hand axe of Wuamujalu {vorpal, rElec rF-
                  | MP+9}
 33582 | Arena    | Entered the Arena
 33764 | Elf:3    | Identified the +1 leather armour of Neditt {rF+ Regen+
                  | MP+9}
 33765 | Elf:3    | Identified the +2 mace of the Peculiar Stories {antimagic,
                  | Drain rElec rPois Int+8}
 33765 | Elf:3    | Identified the +5 halberd "Ydidac" {pain, rElec rF++ rCorr
                  | Int-5}
 33769 | Elf:3    | Reached skill level 15 in Shields
 33899 | Elf:3    | Received a gift from Okawaru
 33958 | Elf:3    | Identified the +9 morningstar "Askopt" {distort, Str+2
                  | SInv}
 34023 | Elf:3    | Got the Handbook of Congealing Stones
 34145 | Elf:1    | Reached skill level 10 in Dodging
 34465 | D:15     | Killed Roxanne
 34511 | D:15     | Learned a level 6 spell: Statue Form
 34781 | Spider:1 | Entered Level 1 of the Spider Nest
 34845 | Arena    | Entered the Arena
 35035 | Spider:1 | Received a gift from Okawaru
 35097 | Spider:1 | Reached skill level 1 in Transmutations
 35097 | Spider:1 | Reached skill level 1 in Earth Magic
 35214 | Spider:1 | Reached skill level 1 in Spellcasting
 35608 | Spider:2 | Received a gift from Okawaru
 35883 | Spider:2 | Received a gift from Okawaru
 35885 | Spider:2 | You fall into a shaft and drop 1 floor!
 35954 | Spider:3 | Found a runed translucent gate.
 35954 | Spider:3 | Found a runed translucent gate.
 35954 | Spider:3 | Found a runed translucent gate.
 35955 | Spider:3 | Noticed Bediveer's ghost (adept KoHu)
 35955 | Spider:3 | Noticed zhov's ghost (adept SpHu)
 35955 | Spider:3 | Noticed turdburglar's ghost (journeyman HOMo)
 35969 | Spider:3 | Noticed Arachne
 35976 | Spider:3 | Noticed Mlioglotl
 35988 | Spider:3 | Killed Arachne
 35989 | Spider:3 | Reached skill level 5 in Armour
 35994 | Spider:3 | Killed Mlioglotl
 35994 | Spider:3 | Received a gift from Okawaru
 36040 | Spider:3 | Killed turdburglar's ghost
 36096 | Spider:3 | Killed zhov's ghost
 36120 | Spider:3 | Killed Bediveer's ghost
 36728 | Spider:2 | Found a runed translucent door.
 36728 | Spider:2 | Noticed dolemite99's ghost (adept HOFi)
 36794 | Spider:2 | Killed dolemite99's ghost
 37049 | Spider:3 | Noticed Aizul
 37068 | Spider:3 | Killed Aizul
 37211 | Spider:3 | Reached skill level 16 in Fighting
 37396 | Spider:4 | Entered Level 4 of the Spider Nest
 37411 | Spider:4 | Reached XP level 19. HP: 172/172 MP: 5/27
 38194 | Spider:4 | Identified the +0 pair of boots "Koibilab" {rC+}
 38200 | Spider:4 | Received a gift from Okawaru
 38510 | Spider:4 | Received a gift from Okawaru
 38775 | Spider:4 | Got a gossamer rune of Zot
 38856 | Spider:4 | Paralysed by a jorogumo for 2 turns
 39481 | D:13     | Received a gift from Okawaru
 39623 | D:13     | Found a gate to the Vaults.
 39893 | D:13     | Noticed Frances
 39902 | D:13     | Killed Frances
 40051 | Vaults:1 | Entered Level 1 of the Vaults
 40098 | Vaults:1 | Received a gift from Okawaru
 40397 | Vaults:1 | Identified the +2 buckler of Boredom {rElec} (Okawaru
                  | gifted it to you on level 1 of the Vaults)
 40397 | Vaults:1 | Received a gift from Okawaru
 41140 | Vaults:1 | Found the +5 glaive of the Guard {elec, spectral, AC+5}
 42030 | Vaults:2 | Reached XP level 20. HP: 69/182 MP: 28/28
 42362 | Vaults:2 | Found a staircase to the Crypt.
 42514 | Vaults:2 | Identified the +1 scale mail of Ydae {Rampage Regen+ Dex+3}
                  | (Okawaru gifted it to you on level 2 of the Vaults)
 42514 | Vaults:2 | Received a gift from Okawaru
 42701 | Vaults:2 | Found a runed translucent gate.
 42702 | Vaults:2 | Found a runed translucent gate.
 42702 | Vaults:2 | Found a runed translucent gate.
 42702 | Vaults:2 | Noticed Jeirass's ghost (legendary FoFi)
 43000 | Vaults:2 | Reached skill level 17 in Fighting
 43010 | Vaults:2 | Reached skill level 5 in Transmutations
 43324 | Vaults:2 | Noticed Jory
 43333 | Vaults:2 | Reached skill level 5 in Earth Magic
 43355 | Vaults:2 | Killed Jory
 43990 | Vaults:3 | Noticed Xtahua
 44000 | Arena    | Entered the Arena
 44007 | Arena    | Killed Xtahua
 44031 | Arena    | Entered the Arena
 44089 | Vaults:3 | Received a gift from Okawaru
 44295 | Vaults:3 | Found Myumeo's Assorted Antiques.
 44301 | Vaults:3 | Bought a scroll of blinking for 157 gold pieces
 44603 | Vaults:3 | Received a gift from Okawaru
 44971 | Arena    | Entered the Arena
 44982 | Arena    | Received a gift from Okawaru
 45013 | Vaults:3 | Reached skill level 5 in Spellcasting
 45479 | Vaults:4 | Found Adephosu's Weapon Emporium.
 45480 | Vaults:4 | Noticed Boris
 45499 | Vaults:4 | Killed Boris
 45557 | Vaults:4 | Reached XP level 21. HP: 84/192 MP: 26/29
 45560 | Arena    | Entered the Arena
 45588 | Vaults:4 | Reached skill level 10 in Armour
 45781 | Vaults:4 | Identified the +8 sling of the Eternal Void {venom, Dex+2}
                  | (Okawaru gifted it to you on level 4 of the Vaults)
 45781 | Vaults:4 | Received a gift from Okawaru
 46229 | Vaults:4 | Received a gift from Okawaru
 46457 | Vaults:4 | Got the Handbook of Weightlessness and the Entourage
 46762 | Vaults:5 | Entered Level 5 of the Vaults
 46771 | Vaults:5 | Reached skill level 18 in Fighting
 46800 | Vaults:5 | Noticed a dread lich
 46816 | Arena    | Entered the Arena
 46860 | Vaults:5 | Killed a dread lich
 46860 | Vaults:5 | Received a gift from Okawaru
 46869 | Arena    | Entered the Arena
 46870 | Arena    | Killed from afar by a quicksilver dragon

Illustrated notes

Levels and vault maps discovered:
D:1:      erik_arrival_cave_to_civilisation [erik_arrival_cave_to_hall],
          layout_basic, shapermc_ecumenical_altar_starsandcircs,
          solitary_fountain
D:2:      layout_loops_cross, dreamdust_mushroom_princess,
          minmay_misc_feat_nine_boxes, chequers_jeans, dreamdust_princess_bridge
D:3:      layout_loops_ring, zin_purify, serial_shops, nicolae_shop_waterfront
D:4:      layout_loops_ring, mainiacjoe_overflow_boulevard, enter_ossuary_4,
          serial_shops, shop
D:5:      layout_loops_corners, minmay_temple_entry_gardened_gates,
          serial_bayou_ford_a, hex_large, uniq_menkaure, uniq_duvessa
D:6:      layout_layer_cave, uniq_grinder
D:7:      layout_basic, nrook_loot_triangle
D:8:      layout_basic, kennysheep_little_box, enter_bailey_4, minmay_microvault
D:9:      layout_loops_corners, serial_shops, nicolae_diamond_shop, shop,
          nicolae_shop_behind_doors, shop, nicolae_shop_behind_doors,
          serial_co_window_serial, co_window_corner_a, co_window_corner_a,
          co_window_of_opportunity_a, co_window_of_opportunity_a,
          co_window_paths_b, co_window_paths_c, co_window_broadway_b,
          co_window_broadway_b, co_window_broadway_b, co_window_broadway_c,
          co_window_broadway_a, glass_columns_c, grunt_decor_fettered
D:10:     layout_loops_ring, chequers_temple_overflow_minitemple,
          david_lair_generic, orc_david_3, nicolae_trove_entry_columns,
          minmay_gold_behind_fungi, uniq_sonja
D:11:     layout_long_grid
D:12:     layout_loops_corners
D:13:     layout_roguey, grunt_vaults_entry_fortified,
          portal_ice_cave_entry_imps, gauntlet_entry_generic, special_room
          [special_room_orc], uniq_frances
D:14:     gammafunk_boulding_lane, layout_irregular_city,
          chequers_serial_rivers_marsh
D:15:     grunt_enter_depths_magical_seal, layout_rooms, minmay_misc_feat_alley,
          uniq_roxanne, uniq_azrael
Temple:   minmay_freezing_vapour_temple
Lair:1:   layout_regular_city, uniq_urug
Lair:2:   layout_cave_pods
Lair:3:   layout_misc_corridors, minmay_swamp_entry_reptiles,
          spider_nest_entry_rubble
Lair:4:   nzn_winding_woodlands_large [nzn_winding_woodlands_5x5_closed_star,
          nzn_winding_woodlands_5x15_sidewinder,
          nzn_winding_woodlands_5x5_perimeter,
          nzn_winding_woodlands_center_triple_pond,
          nzn_winding_woodlands_15x15_killbox,
          nzn_winding_woodlands_center_garden,
          nzn_winding_woodlands_5x5_default, nzn_winding_woodlands_5x15_crooked,
          nzn_winding_woodlands_5x5_default], layout_long_grid,
          minmay_lindwurm_lava, uniq_rupert, uniq_kirke
Lair:5:   layout_gridlike, minmay_slime_entry_oklob_open, basic_altar,
          eino_small_chamber_without_monster
Lair:6:   hellmonk_lair_end_abyssal_woods, layout_gridlike, roderic_batcave,
          serial_bayou_shore_a, infiniplex_staircase_pool
Spider:1: layout_spider_delve, hangedman_spider_tarantella_strand
Spider:2: layout_spider_delve, gammafunk_ghost_grave
Spider:3: layout_spider_delve, gammafunk_ghost_cemetery, uniq_aizul,
          uniq_arachne, uniq_mlioglotl
Spider:4: johnstein_spider_rune_arachne_lair
Orc:1:    layout_caves, serial_shops, nicolae_square_shop, lemuel_statue_altar,
          uniq_maurice
Orc:2:    pubby_orc_utopia
Elf:1:    layout_geoelf_octagon, mu_enter_wizlab_4, orc_legates
Elf:2:    elven_hall_of_blades_hangedman_alternative
          [infiniplex_blade_entry_pillars], layout_rooms, serial_shops, shop,
          wad_floor_pattern_1, nicolae_elf_hall_of_bonks
Elf:3:    minmay_elf_hall_spiked, layout_geoelf_diagonals, serial_shops,
          nicolae_shop_waterfront
Vaults:1: v_misc_29, nicolae_vaults_little_squares_1, nicolae_vaults_theta,
          minmay_guarded_unrand_guard_vaults, vaults_room_grunt_arrival_ludios,
          v_misc_25, grunt_vaults_twisty, v_pattern_4,
          nicolae_vaults_diagonal_hallway_6, vaults_dpeg_encased_lava,
          ontoclasm_vaults_loading_screen, layout_vaults_omnigrid
Vaults:2: ebering_ghost_rock_garden, minmay_crypt_entry_simple_round,
          vaults_room_stairs_pillars, hangedman_vaults_impose,
          ontoclasm_vaults_eye, nicolae_vaults_alarming,
          hangedman_vaults_restitches, v_alt_pattern_1, v_rooms_1,
          nicolae_vaults_branching_niches, v_misc_14, v_misc_14,
          grunt_vaults_diagonal, nicolae_vaults_diagonal_hallway_7,
          nicolae_vaults_three_branches, layout_vaults_omnibox, uniq_jory
Vaults:3: nicolae_vaults_yaktaur_gun_rack, nicolae_vaults_bisected_exclaves,
          v_pattern_2, nicolae_vaults_windows_and_doors_thing,
          ontoclasm_vaults_spin, v_alt_pattern_3, v_misc_29,
          ontoclasm_vaults_pinch, vaults_dpeg_ring,
          nicolae_vaults_little_squares_4, vaults_dpeg_hooks,
          hangedman_vaults_impose, layout_vaults_big_cross, serial_shops,
          nicolae_shop_stone, uniq_xtahua
Vaults:4: nicolae_vaults_sealed_display, hangedman_vaults_cutoff,
          dpeg_vaults_monster_row, v_rooms_2, st_smaller_cells, v_rooms_4,
          v_alt_pattern_2, hangedman_vaults_stretched_pinwheel,
          vaults_room_hallway, nicolae_vaults_rhombus_7,
          nicolae_vaults_little_squares_1, layout_vaults_maze_snakey,
          serial_shops, nicolae_shop_hallway_plus, uniq_boris
Vaults:5
Arena

Skill      XL: |  1  2  3  4  5  6  7  8  9 10 11 12 13 14 15 16 17 18 19 20 21 |
---------------+----------------------------------------------------------------+-----
Stealth        | 1 2 3 4 5 |  5.0
Fighting       | 3 4 6 7 8 9 10 11 12 13 14 15 16 17 18 | 18.1
Dodging        | 3 4 5 6 8 9 10 | 10.0
Short Blades   | 1 2 3 4 6 7 8 9 10 | 10.0
Throwing       | 1 2 3 4 5 6 7 9 10 11 12 13 14 | 14.3
Shields        | 1 4 6 7 8 9 10 12 13 14 15 16 17 | 17.6
Invocations    | 2 4 5 6 7 8 9 10 11 12 13 | 13.0
Armour         | 2 4 5 7 9 10 | 10.8
Evocations     | 2 4 5 7 8 9 10 | 10.3
Long Blades    | 10 11 12 13 14 15 16 | 16.7
Translocations | 1 3 4 6 7 |  7.2
Transmutations | 2 4 6 |  6.9
Earth Magic    | 2 4 6 |  6.8
Spellcasting   | 2 3 5 |  5.7
Ranged Weapons | |  4.7

Action                   |  1- 3 |  4- 6 |  7- 9 | 10-12 | 13-15 | 16-18 | 19-21 || total
-------------------------+-------+-------+-------+-------+-------+-------+-------++-------
Melee: Dagger            |    15 |   117 |   226 |   642 |   654 |       |       ||  1654
       Headbutt          |     3 |    13 |    57 |   197 |   407 |   322 |   516 ||  1515
       Punch             |       |     1 |       |       |       |       |       ||     1
       Scimitar          |       |       |       |       |   742 |  1235 |  1388 ||  3365
 Fire: Shortbow          |    58 |    19 |    15 |       |       |       |       ||    92
       Hand crossbow     |       |       |       |       |    28 |    34 |       ||    62
Throw: Dart              |       |       |    29 |    61 |    36 |       |       ||   126
       Throwing net      |       |       |       |     1 |     1 |     1 |       ||     3
       Javelin           |       |       |       |       |    35 |   155 |    83 ||   273
Invok: Heroism           |       |       |     5 |    16 |    31 |    39 |    27 ||   118
       Finesse           |       |       |       |       |     2 |     5 |     3 ||    10
       Duel              |       |       |       |       |       |     3 |     6 ||     9
Evoke: Wand              |       |       |       |     6 |     1 |     5 |     1 ||    13
       Tin of tremorston |       |       |       |       |     2 |     9 |     3 ||    14
       Condenser vane    |       |       |       |       |       |     2 |     5 ||     7
  Use: Scroll            |     1 |    11 |     4 |    11 |     6 |    17 |     4 ||    54
       Potion            |       |       |     1 |     3 |     2 |    12 |    20 ||    38
 Stab: Sleeping          |     2 |     5 |       |     2 |     1 |       |       ||    10
       Held in net/web   |       |       |       |     1 |     2 |       |       ||     3
       Distracted        |       |       |       |       |     1 |       |       ||     1
       Invisible         |       |       |       |       |       |     2 |       ||     2
Armor: Leather armour    |     8 |    16 |     2 |       |       |       |       ||    26
       Scale mail        |       |       |    45 |    68 |       |       |       ||   113
       Troll leather arm |       |       |       |    13 |   105 |       |       ||   118
       Chain mail        |       |       |       |       |   274 |   535 |   674 ||  1483
Dodge: Dodged            |    17 |    56 |   100 |   152 |   405 |   577 |   709 ||  2016
Block: Buckler           |       |       |    69 |   299 |   407 |       |       ||   775
       Reflection        |       |       |       |    14 |    20 |       |       ||    34
       Kite shield       |       |       |       |       |   427 |   808 |  1088 ||  2323

Table legend: (Time is in decaauts)
 A = Elapsed time spent in this place.
 B = Non-inter-level travel time spent in this place.
 C = Inter-level travel time spent in this place.
 D = Time resting spent in this place.
 E = Time spent auto-exploring this place.
 F = Levels seen in this place.
 G = Mean time per level.
                   A        B        C        D        E       F      G
               +--------+--------+--------+--------+--------+-----+--------+
         Total |  45463 |  42540 |   2923 |    835 |  32201 |  50 |  909.3 |
       Dungeon |  17912 |  16413 |   1499 |    161 |  13486 |  15 | 1194.1 |
        Temple |     10 |      1 |      9 |      0 |      0 |   1 |   10.0 |
          Lair |   6160 |   5599 |    561 |      0 |   4426 |   6 | 1026.7 |
   Spider Nest |   4182 |   3996 |    186 |    168 |   2838 |   4 | 1045.5 |
  Orcish Mines |   3614 |   3353 |    261 |      0 |   2734 |   2 | 1807.0 |
   Elven Halls |   3528 |   3273 |    255 |      0 |   2430 |   3 | 1176.0 |
        Vaults |   6403 |   6254 |    149 |    104 |   4688 |   5 | 1280.6 |
         Trove |     53 |     53 |      0 |      0 |      0 |   1 |   53.0 |
        Bailey |   1048 |   1048 |      0 |    279 |    522 |   1 | 1048.0 |
      Ice Cave |   1060 |   1060 |      0 |      0 |    516 |   1 | 1060.0 |
        Wizlab |    896 |    896 |      0 |     90 |    401 |   1 |  896.0 |
      Gauntlet |    412 |    412 |      0 |      0 |    158 |   1 |  412.0 |
         Arena |    181 |    181 |      0 |     31 |      0 |   9 |   20.1 |
               +--------+--------+--------+--------+--------+-----+--------+

Top non-repeatable levels by time:
   Orc:2: 2762 daAuts
     D:9: 2046 daAuts
Vaults:1: 1788 daAuts
Vaults:2: 1727 daAuts
Vaults:3: 1609 daAuts
     D:4: 1550 daAuts
    D:14: 1434 daAuts
    D:10: 1420 daAuts
Spider:4: 1415 daAuts
  Lair:4: 1388 daAuts
     D:6: 1381 daAuts
   Elf:3: 1273 daAuts
   Elf:2: 1244 daAuts
Vaults:4: 1229 daAuts
  Lair:6: 1219 daAuts
